Map: 얼어붙은 사원

Players

llllllllllll (Scarlett)

  • Race: Zerg Zerg
  • League: Grandmaster

lIlIlIlIlIlI - Winner!

  • Race: Terran Terran
  • League: Master

VOD

Have the link to the VOD?

Description

Time

  • Played on: April 13, 2016, 2:23 a.m.
  • Length: 14:02
Show
View Real Time Build Order
Export as new Build Order

llllllllllll Zerg 

Build Orders: Pool First, Muta Ling Bane 

Get SALT Encoding   

  12  0:02  Drone  
  13  0:09  Drone  
  14  0:16  Overlord  
  14  0:23  Extractor, Drone  
  15  0:35  Drone  
  15  0:36  Drone  
  17  0:44  Spawning Pool  
  17  0:47  Drone  
  17  0:53  Extractor  
  16  0:57  Drone  
  17  1:06  Drone  
  18  1:19  Hatchery  
  17  1:30  Zergling x4  
  19  1:36  Queen  
  19  1:39  Drone  
  22  1:50  Overlord  
  22  1:53  Metabolic Boost  
  22  2:10  Drone  
  22  2:11  Drone  
  22  2:12  Queen  
  26  2:29  Overlord  
  26  2:40  Queen, Drone x2  
  30  2:46  Zergling x8  
  30  2:48  Zergling x2  
  35  3:00  Drone x2  
  37  3:12  Overlord, Drone  
  37  3:20  Drone x3  
  40  3:27  Overlord, Drone x2  
  40  3:31  Overlord, Drone  
  40  3:34  Drone  
  44  3:46  Drone x2  
  44  3:47  Drone  
  46  3:55  Drone x2  
  48  4:03  Drone  
  48  4:04  Drone x3  
  48  4:08  Zergling x8  
  56  4:13  Hatchery  
  55  4:21  Evolution Chamber, Extractor  
  55  4:22  Evolution Chamber  
  55  4:23  Drone x2  
  54  4:27  Extractor  
  54  4:31  Queen, Drone  
  53  4:32  Drone  
  55  4:48  Drone  
  55  4:49  Drone x5  
  60  4:57  Zerg Ground Armor Level 1, Zerg Melee Weapons Level 1  
  57  5:01  Drone  
  57  5:02  Spore Crawler, Drone x3  
  60  5:12  Overlord  
  60  5:14  Spore Crawler  
  59  5:15  Zergling x2  
  60  5:24  Zergling x4  
  61  5:35  Overlord  
  61  5:36  Drone x5  
  61  5:39  Lair  
  61  5:42  Queen, Extractor, Baneling Nest  
  66  5:56  Zergling x10  
  66  5:57  Zergling x4  
  66  6:00  Zergling x6  
  65  6:09  Queen  
  57  6:20  Zergling x8  
  57  6:24  Zergling x8  
  57  6:25  Zergling x4  
  56  6:27  Queen  
  57  6:36  Zergling x6  
  58  6:42  Overseer  
  58  6:45  Queen  
  54  6:49  Queen  
  56  6:58  Drone x6  
  59  7:14  Zerg Melee Weapons Level 2  
  59  7:15  Drone x4  
  63  7:30  Spore Crawler  
  63  7:35  Drone x3  
  66  7:37  Drone x4  
  66  7:38  Drone x2  
  66  7:39  Drone  
  66  7:40  Drone  
  66  7:41  Spire  
  66  7:55  Zergling x8  
  66  7:57  Overseer  
  67  7:59  Zerg Ground Armor Level 2  
  67  8:02  Zergling x2  
  67  8:03  Zergling x6  
  67  8:05  Centrifical Hooks  
  71  8:17  Drone  
  71  8:18  Drone x7  
  79  8:36  Hatchery  
  78  8:42  Drone x9  
  78  8:43  Drone x3  
  78  8:47  Extractor  
  78  8:48  Extractor  
  88  8:54  Mutalisk  
  90  8:57  Overlord x4  
  90  9:11  Hatchery  
  90  9:14  Overlord x2  
  90  9:15  Zerg Flyer Weapons Level 1  
  90  9:16  Mutalisk x2  
  90  9:17  Mutalisk x2  
  91  9:19  Pneumatized Carapace  
  91  9:22  Mutalisk x2  
  101  9:25  Mutalisk  
  101  9:29  Mutalisk x2  
  107  9:35  Mutalisk  
  108  9:41  Mutalisk  
  110  9:45  Queen  
  110  9:51  Zergling x10  
  110  9:52  Zergling x12  
  123  9:56  Baneling x11  
  123  9:57  Baneling  
  123  10:04  Zergling x8  
  126  10:11  Zergling x2  
  126  10:12  Zergling x10  
  122  10:26  Zergling x8  
  122  10:27  Zergling x4  
  113  10:39  Zergling x16  
  106  10:44  Zergling x4  
  106  10:45  Zergling x10  
  106  10:46  Baneling  
  110  10:58  Infestation Pit  
  110  11:00  Mutalisk x2  
  110  11:03  Baneling x6  
  113  11:04  Zergling x6  
  106  11:12  Zergling x14  
  106  11:15  Zergling x2  
  106  11:16  Zergling x4  
  110  11:24  Zergling x2  
  110  11:25  Zergling x14  
  118  11:36  Overlord x5  
  118  11:43  Hive  
  118  11:54  Queen  
  118  11:59  Queen  
  120  12:02  Drone  
  120  12:03  Drone x6  
  127  12:13  Overlord x2  
  126  12:18  Zergling x16  
  134  12:23  Baneling  
  134  12:24  Baneling x11  
  134  12:34  Zergling x18  
  127  12:58  Zergling x30  
  116  13:10  Zergling x14  
  115  13:17  Baneling x6  
  115  13:18  Baneling  
  115  13:19  Baneling  
  115  13:23  Zergling x2  
  115  13:24  Zergling x6  
  119  13:34  Zergling x12  
Show
View Real Time Build Order
Export as new Build Order

lIlIlIlIlIlI Terran - Winner!

Build Orders: Liberator Opening, Reaper Expand, MMM Bio 

Get SALT Encoding   

  12  0:00  SCV  
  13  0:13  SCV  
  14  0:17  Supply Depot  
  14  0:26  SCV  
  15  0:39  SCV  
  15  0:41  Barracks  
  16  0:46  Refinery  
  16  0:52  SCV  
  17  1:04  SCV  
  18  1:17  SCV  
  19  1:31  Reaper, Orbital Command  
  20  1:40  Command Center  
  20  1:56  Supply Depot, SCV  
  21  2:02  Marine  
  22  2:08  SCV  
  22  2:10  Factory  
  22  2:13  Refinery  
  23  2:27  Barracks Reactor  
  22  2:33  SCV  
  22  2:45  SCV  
  23  2:55  Starport  
  23  2:57  SCV  
  24  3:07  Orbital Command  
  24  3:09  SCV  
  24  3:11  Hellion x2  
  24  3:12  Marine  
  29  3:30  SCV  
  29  3:32  Hellion x2  
  34  3:35  Liberator  
  32  3:51  SCV  
  32  3:54  Barracks Tech Lab  
  36  3:56  Hellion x2  
  36  3:59  Supply Depot  
  36  4:02  SCV  
  41  4:04  SCV  
  42  4:14  SCV  
  43  4:17  SCV  
  43  4:22  Supply Depot  
  42  4:24  Armory  
  42  4:26  Hellion, SCV  
  42  4:28  Hellion  
  42  4:30  Barracks Tech Lab  
  47  4:32  SCV  
  47  4:38  SCV  
  49  4:44  SCV  
  50  4:47  Hellion  
  50  4:49  Hellion  
  50  4:50  SCV  
  53  4:56  SCV  
  52  5:02  SCV  
  53  5:09  Cloaking Field, Banshee, Hellion  
  53  5:10  Marine  
  53  5:11  Hellion, Stimpack  
  61  5:18  SCV  
  62  5:40  Supply Depot x2  
  62  5:43  SCV x2  
  62  5:55  SCV x2  
  60  6:00  Banshee  
  60  6:01  Marine, Hellion x2  
  68  6:07  SCV x2  
  69  6:19  SCV  
  69  6:23  SCV  
  60  6:31  SCV  
  60  6:32  Marine  
  58  6:33  Hellion x2  
  58  6:35  SCV  
  63  6:42  Engineering Bay  
  63  6:43  SCV  
  63  6:44  Barracks, Engineering Bay  
  63  6:45  Barracks  
  63  6:47  Barracks, SCV  
  61  6:55  SCV  
  61  6:58  Liberator  
  61  6:59  Liberator  
  61  7:00  SCV  
  59  7:03  Marine  
  59  7:08  SCV  
  61  7:12  SCV  
  61  7:15  Siege Tank  
  71  7:24  SCV, Terran Infantry Armor Level 1, Refinery, Terran Infantry Weapons Level 1  
  71  7:25  Refinery  
  71  7:31  Command Center  
  71  7:33  Combat Shields, Supply Depot  
  71  7:34  Supply Depot, Barracks Reactor  
  65  7:57  Marine, Barracks Reactor  
  65  7:58  Marine, Siege Tank  
  70  8:08  SCV x2  
  72  8:13  Barracks x2  
  72  8:14  Barracks, Supply Depot  
  72  8:15  Marine  
  72  8:16  Marine, Supply Depot  
  72  8:17  Marine x2  
  76  8:20  SCV x2  
  75  8:32  SCV x2, Siege Tank  
  75  8:33  Marine  
  75  8:34  Marine, Medivac x2  
  81  8:35  Marine x2  
  88  8:44  SCV  
  89  8:50  Marine  
  89  8:52  Marine  
  89  8:55  Marine x4, Missile Turret  
  95  9:04  SCV  
  95  9:08  Marine, SCV, Supply Depot  
  95  9:09  Marine, Supply Depot  
  98  9:12  Supply Depot  
  98  9:15  Marine  
  98  9:16  Marine x6  
  106  9:17  Orbital Command  
  106  9:23  Supply Depot  
  106  9:26  Marine, Supply Depot  
  106  9:27  Marine  
  106  9:28  Supply Depot  
  108  9:33  Marine  
  108  9:34  Marine x3  
  108  9:36  Marine x2  
  114  9:41  Marine  
  114  9:42  Siege Tank  
  114  9:44  Marine  
  114  9:45  Marine  
  120  9:51  Marine  
  120  9:52  Marine x3  
  124  9:54  Marine x2  
  124  9:59  Marine  
  127  10:02  Marine  
  127  10:03  Marine  
  129  10:09  Marine x2  
  129  10:10  Marine x2  
  129  10:13  Marine x2  
  132  10:17  Marine  
  132  10:19  Marine  
  131  10:21  Marauder  
  131  10:26  Marine  
  131  10:27  Marine  
  131  10:28  Marine x2  
  134  10:31  Marine x2  
  134  10:35  Marine  
  119  10:37  Marine  
  107  10:43  Marauder  
  107  10:44  Marine  
  107  10:45  Marine x2  
  107  10:46  Marine  
  107  10:49  Marine x2  
  109  10:57  Medivac x2  
  109  10:58  Siege Tank  
  109  11:01  Terran Infantry Armor Level 2, Terran Infantry Weapons Level 2  
  118  11:04  Marauder  
  102  11:12  Marine x2  
  102  11:18  Marine x6  
  98  11:19  Concussive Shells  
  104  11:25  Marauder  
  104  11:30  Marine x2  
  106  11:34  Medivac x2, Siege Tank  
  106  11:35  Marine  
  106  11:36  Marine x4  
  106  11:38  Marine  
  119  11:42  Missile Turret  
  121  11:47  Marauder  
  121  11:53  Marine x3  
  121  11:54  Marine x3  
  127  12:08  Marauder  
  129  12:09  Marine x2  
  129  12:10  Medivac x2, Siege Tank  
  129  12:11  Marine x3  
  129  12:14  Marine x2  
  143  12:18  Marine  
  144  12:27  Marine x2  
  144  12:29  Marine x3, Marauder  
  146  12:32  Marine x2  
  146  12:36  Marine  
  144  12:44  Marine  
  144  12:45  Marine  
  144  12:46  Marine  
  144  12:47  Marine x2  
  144  12:50  Marine x2  
  144  12:51  Marauder  
  139  12:54  Marine  
  117  13:02  Marine  
  117  13:03  Marine  
  117  13:04  Marine x2  
  117  13:05  Marine  
  112  13:10  Marine x2  
  112  13:11  Medivac, Siege Tank  
  112  13:12  Medivac, Marine, Marauder  
  123  13:20  Marine  
  123  13:21  Marine  
  123  13:22  Marine x2  
  127  13:34  Marauder  
  120  13:42  Marine  
  120  13:43  Marine x2  
Tags
 
Add a new tag
Caveats
  • Supply blocks, unpowered buildings, or Contaminate may cause inaccurate times.
  • Supply counts are checked every 10 seconds.